 Dungeon Crawl Stone Soup version 0.30.1-3-gfc49f6343a (webtiles) character file.

Game seed: 701047718592734208

163 leafyfresh the Covert (level 5, -23/47 HPs)
             Began as a Gnoll Delver on Aug 4, 2023.
             Annihilated by an ogre
             ... wielding a +0 giant spiked club
              (36 damage)
             ... on level 6 of the Dungeon.
             The game lasted 00:00:39 (635 turns).

leafyfresh the Covert (Gnoll Delver)                 Turns: 635, Time: 00:00:39

Health: -23/47     AC:  3    Str: 11    XL:     5   Next: 44%
Magic:  7/7        EV: 13    Int: 10    God:
Gold:   0          SH:  0    Dex: 15    Spells: 7/7 levels left

rFire   . . .        a - +0 short sword
rCold   . . .        (no shield)
rNeg    . . .        b - +0 leather armour
rPois   .            (no helmet)
rElec   .            (no cloak)
rCorr   .            (no gloves)
SInv    .            (no boots)
Will    .....        (no amulet)
Stlth   ++++         (no ring)
HPRegen 0.27/turn    (no ring)
MPRegen 0.10/turn

%: no passive effects
@: no status effects
A: fangs 1, strong nose, distributed training
a: no special abilities


You were on level 6 of the Dungeon.
You visited 1 branch of the dungeon, and saw 2 of its levels.

Inventory:

Hand Weapons
 a - a +0 short sword (weapon)
Armour
 b - a +0 leather armour (worn)
Wands
 g - a wand of digging (3)
Scrolls
 c - 2 scrolls of fog
 d - a scroll of magic mapping
 e - a scroll of fear
 i - a scroll of noise {unknown}
Potions
 f - a potion of haste
 h - a potion of brilliance {unknown}


   Skills:
 + Level 6.7 Fighting
 + Level 4.8 Short Blades
 + Level 1.5 Long Blades
 + Level 1.5 Axes
 + Level 1.5 Maces & Flails
 + Level 1.5 Polearms
 + Level 1.5 Staves
 + Level 1.5 Ranged Weapons
 + Level 1.5 Throwing
 + Level 1.5 Armour
 + Level 4.8 Dodging
 + Level 9.7 Stealth
 + Level 1.5 Shields
 + Level 1.5 Unarmed Combat
 + Level 1.5 Spellcasting
 + Level 1.2 Conjurations
 + Level 1.2 Hexes
 + Level 1.2 Summonings
 + Level 1.2 Necromancy
 + Level 1.2 Translocations
 + Level 1.2 Transmutations
 + Level 1.2 Fire Magic
 + Level 1.2 Ice Magic
 + Level 1.2 Air Magic
 + Level 1.2 Earth Magic
 + Level 1.2 Poison Magic
 + Level 1.7 Invocations
 + Level 1.5 Evocations


You had 7 spell levels left.
You didn't know any spells.
Your spell library was empty.

Dungeon Overview and Level Annotations

Branches:
Dungeon (6/15)
 Temple: D:4-7

Altars:
Zin

Annotations:
D:6 Blork the orc


Innate Abilities, Weirdness & Mutations

You have very sharp teeth.
Your uncanny sense of smell can sniff out nearby items.
Your experience applies equally to all skills.


Message History

i - a scroll labelled SEM GAOSAUST No target in view!
An ogre comes into view. It is wielding a +0 giant spiked club.
Blork the orc comes into view.
He is wielding a +0 short sword.
Blork the orc shouts!
There are monsters nearby!
The ogre barely misses you.
You barely miss the ogre. You hit the ogre.
The ogre is lightly wounded.
The ogre misses you.
You hit the ogre.
The ogre is moderately wounded.
Blork the orc gestures at you while chanting.
The puff of flame hits you.
You hit the ogre.
The ogre is heavily wounded.
You hit the ogre.
The ogre is heavily wounded.
The ogre barely misses you.
You hit the ogre but do no damage. You bite the ogre.
The ogre is severely wounded.
You barely miss the ogre.
The ogre is severely wounded.
The ogre hits you with a +0 giant spiked club!!
Ouch! That really hurt!
* * * LOW HITPOINT WARNING * * *
Blork the orc barely misses you.
You are too injured to fight recklessly!
You are too injured to fight recklessly!
Unknown command.
Unknown command.
You barely miss the ogre.
The ogre is severely wounded.
Unknown command.
You barely miss the ogre.
The ogre is severely wounded.
The ogre hits you with a +0 giant spiked club!!!
Ouch! That really hurt!
You die...

#. +... #### #.. ## ...#
#.# ... ##.#######.##
##### ....
.#..........###...#o....
.#.....................#
.#..........####o####..#
.#..........##..@..#
.#.########.#..O....#
.#.# #.#.......# .#.#
#....._..$.. .#.#
#.#.......#.)# ##.#
#.#.......#..# ...#
#.##.....## .# ####
.####.###


You could see Blork the orc and an ogre.

Vanquished Creatures
  A sky beast (D:6)
  A scorpion (D:6)
  An adder (D:6)
  An orc (D:5)
4 creatures vanquished.

Notes
Turn   | Place    | Note
-------+----------+-------------------------------------------
     0 | D:5      | Reached skill level 9 in Stealth
     0 | D:5      | leafyfresh the Gnoll Delver began the quest for the Orb.
     0 | D:5      | Reached XP level 1. HP: 23/23 MP: 1/1
    36 | D:5      | Noticed an orc wizard
    36 | D:5      | Noticed a scorpion
    38 | D:5      | Noticed an orc wizard
    39 | D:5      | Noticed an iguana
    43 | D:6      | Noticed a scorpion
    48 | D:6      | Noticed a sky beast
    52 | D:6      | Killed a sky beast
    53 | D:6      | Reached skill level 1 in Long Blades
    53 | D:6      | Reached skill level 1 in Axes
    53 | D:6      | Reached skill level 1 in Maces & Flails
    53 | D:6      | Reached skill level 1 in Polearms
    53 | D:6      | Reached skill level 1 in Staves
    53 | D:6      | Reached skill level 1 in Ranged Weapons
    53 | D:6      | Reached skill level 1 in Throwing
    53 | D:6      | Reached skill level 1 in Armour
    53 | D:6      | Reached skill level 1 in Shields
    53 | D:6      | Reached skill level 1 in Unarmed Combat
    53 | D:6      | Reached skill level 1 in Spellcasting
    53 | D:6      | Reached skill level 1 in Conjurations
    53 | D:6      | Reached skill level 1 in Hexes
    53 | D:6      | Reached skill level 1 in Summonings
    53 | D:6      | Reached skill level 1 in Necromancy
    53 | D:6      | Reached skill level 1 in Translocations
    53 | D:6      | Reached skill level 1 in Transmutations
    53 | D:6      | Reached skill level 1 in Fire Magic
    53 | D:6      | Reached skill level 1 in Ice Magic
    53 | D:6      | Reached skill level 1 in Air Magic
    53 | D:6      | Reached skill level 1 in Earth Magic
    53 | D:6      | Reached skill level 1 in Poison Magic
    53 | D:6      | Reached skill level 1 in Invocations
    53 | D:6      | Reached skill level 1 in Evocations
    53 | D:6      | Reached XP level 2. HP: 29/29 MP: 1/3
    53 | D:6      | Reached XP level 3. HP: 35/35 MP: 1/4
    53 | D:6      | Reached XP level 4. HP: 41/41 MP: 1/5
   114 | D:6      | Killed a scorpion
   115 | D:6      | Reached XP level 5. HP: 6/47 MP: 5/7
   622 | D:6      | Found a glowing silver altar of Zin.
   624 | D:6      | Noticed an ogre
   625 | D:6      | Noticed Blork the orc
   635 | D:6      | Annihilated by an ogre

Illustrated notes

Levels and vault maps discovered:
D:5:      layout_basic, nicolae_gozag_zags_fifth_avenue, portal_sewer_entry_e
D:6:      layout_basic, mainiacjoe_overflow_small_starburst, old_standard_altar,
          serial_shops, nicolae_shop_real_fake_doors, grunt_decor_arrowhead,
          uniq_sigmund, uniq_duvessa, uniq_blork_the_orc

Skill      XL: |  1 |
---------------+----+-----
Stealth        | |  9.7
Long Blades    | 1 |  1.5
Axes           | 1 |  1.5
Maces & Flails | 1 |  1.5
Polearms       | 1 |  1.5
Staves         | 1 |  1.5
Ranged Weapons | 1 |  1.5
Throwing       | 1 |  1.5
Armour         | 1 |  1.5
Shields        | 1 |  1.5
Unarmed Combat | 1 |  1.5
Spellcasting   | 1 |  1.5
Conjurations   | 1 |  1.2
Hexes          | 1 |  1.2
Summonings     | 1 |  1.2
Necromancy     | 1 |  1.2
Translocations | 1 |  1.2
Transmutations | 1 |  1.2
Fire Magic     | 1 |  1.2
Ice Magic      | 1 |  1.2
Air Magic      | 1 |  1.2
Earth Magic    | 1 |  1.2
Poison Magic   | 1 |  1.2
Invocations    | 1 |  1.7
Evocations     | 1 |  1.5
Fighting       | |  6.7
Short Blades   | |  4.8
Dodging        | |  4.8

Action                     |  1- 3 |  4- 6 || total
---------------------------+-------+-------++-------
  Melee: Short sword       |     2 |    31 ||    33
         Bite              |       |     5 ||     5
   Stab: Sleeping          |     2 |     1 ||     3
  Dodge: Dodged            |       |    15 ||    15
